 Dungeon Crawl Stone Soup version 0.19.0-2-gae57169 (webtiles) character file.

113 spe3d0 the Shield-Bearer (level 4, -1/23 HPs)
             Began as a Vine Stalker Fighter on Nov 6, 2016.
             Succumbed to an orc wizard's poison
             ... on level 4 of the Dungeon.
             The game lasted 00:04:24 (2049 turns).

spe3d0 the Shield-Bearer (Vine Stalker Fighter)     Turns: 2049, Time: 00:04:25

Health: -1/23      AC:  6    Str: 24    XL:     4   Next: 96%
Magic:  5/5        EV: 12    Int:  8    God:
Gold:   79         SH:  0    Dex: 19    Spells: 0 memorised, 3 levels left

rFire  . . .     SeeInvis .     a - +0 rapier
rCold  . . .     Gourm    .     b - +0 scale mail
rNeg   + . .     Faith    +     c - +0 shield
rPois  .         Spirit   +     (no helmet)
rElec  .         Reflect  .     (no cloak)
rCorr  .         Harm     .     (no gloves)
MR     .....                    (no boots)
Stlth  +.........               H - amulet of faith {!P}
                                (no ring)
                                N - ring of positive energy

@: confused, mighty, agile, lethally poisoned (-1 -> -23)
A: fangs 2, regeneration 1, magic shield, antimagic bite, no device heal 3, rot
immunity
a: no special abilities


You were on level 4 of the Dungeon.
You were not hungry.

You visited 1 branch of the dungeon, and saw 4 of its levels.

You collected 79 gold pieces.


Innate Abilities, Weirdness & Mutations

You have extremely sharp teeth.
Your natural rate of healing is unusually fast.
When hurt, damage is shared between your health and your magic reserves.
Your bite disrupts and absorbs the magic of your enemies.
Potions and wands cannot restore your health.
You are immune to rotting.


   Skills:
 - Level 2.6 Fighting
 * Level 3.1 Short Blades
 * Level 3.3 Armour
 * Level 3.3 Shields


You had 3 spell levels left.
You didn't know any spells.

Inventory:

Hand Weapons
 a - a +0 rapier (weapon)
Armour
 b - a +0 scale mail (worn)
 c - a +0 shield (worn)
Jewellery
 H - an amulet of faith (around neck) {!P}
 N - a ring of positive energy (left hand)
Scrolls
 g - 2 scrolls of immolation {unknown}
 h - 6 scrolls of identify {unknown}
 i - 4 scrolls of remove curse {unknown}
 j - 2 scrolls of magic mapping {unknown}
 n - a scroll of recharging {unknown}
Potions
 e - a potion of heal wounds {unknown}
 k - a potion of ambrosia {unknown}
 l - a potion of agility
 m - a potion of lignification {unknown}
 q - 2 potions of brilliance {unknown}
Comestibles
 f - a bread ration {@e1}
 o - 3 chunks of flesh
 p - 2 fruits {@e2}

Dungeon Overview and Level Annotations

Branches:
Dungeon (4/15)
 Temple: D:4-7

Altars:
Qazlal

#.....# #.....+
#.....# #.....#
#....[+
#+##....<# .
.........####...
......o{o.......
.......@........
................
....#####.......
.... ....... ...
....... .
....... ####...
...


You could see an orc wizard and an orc.


Message History

You are too injured to fight recklessly!
You feel sick.
The orc wizard hits you with a dagger of venom.
* * * LOW HITPOINT WARNING * * *
You are more poisoned.
The orc hits you but does no damage.
You bump into the rock wall.
You feel sick. The orc wizard barely misses you.
The orc hits you with a hand axe.
* * * LOW HITPOINT WARNING * * *
You feel sick.
You feel sick.
You feel sick.
The orc wizard hits you but does no damage.
You are lethally poisoned!
The orc hits you with a hand axe.
* * * LOW HITPOINT WARNING * * *
* * * LOW HITPOINT WARNING * * *
You feel sick. Something hits you but does no damage.
You barely miss something. You bite something. You drain its magic.
You feel invigorated.
* * * LOW HITPOINT WARNING * * *
You feel sick.
The orc wizard hits you but does no damage.
You are more poisoned.
Something hits you but does no damage. The orc hits you but does no damage.
The orc wizard hits you but does no damage.
You are more poisoned.
It was a potion of agility.
You feel agile all of a sudden.
You die...

Skill      XL: |  1  2  3  4 |
---------------+-------------+-----
Short Blades   | 2 3 |  3.1
Shields        | 3 |  3.3
Armour         | 3 |  3.3
Fighting       | |  2.6

Action                   |  1- 3 |  4- 6 || total
-------------------------+-------+-------++-------
Melee: Rapier            |   108 |    66 ||   174
       Bite              |    26 |    13 ||    39
  Use: Potion            |       |     2 ||     2
  Eat: Chunk             |     2 |     2 ||     4
Armor: Scale mail        |    46 |    31 ||    77
Dodge: Dodged            |    30 |    19 ||    49
Block: Shield            |    54 |    27 ||    81

Vault maps used:
D:1:      dpeg_arrival_another_circle
D:2:      nicolae_qazlal_general_emergency, gammafunk_temple_overflow_pools,
          first_bread
D:3:      minmay_misc_feat_hallway
D:4:      vehumet_statue, kennysheep_mini

Notes
Turn   | Place    | Note
-------+----------+-------------------------------------------
     0 | D:1      | spe3d0 the Vine Stalker Fighter began the quest for the Orb.
     0 | D:1      | Reached XP level 1. HP: 11/11 MP: 2/2
    78 | D:1      | Reached skill level 2 in Short Blades
    78 | D:1      | Reached XP level 2. HP: 12/16 MP: 3/3
   415 | D:1      | Reached XP level 3. HP: 12/19 MP: 4/4
   662 | D:2      | Reached skill level 3 in Shields
   856 | D:2      | Found a stormy altar of Qazlal.
  1404 | D:3      | Reached skill level 3 in Armour
  1404 | D:3      | Gained mutation: Your natural rate of healing is unusually fast. [Vine Stalker growth]
  1404 | D:3      | Reached XP level 4. HP: 20/23 MP: 5/5
  1673 | D:3      | Reached skill level 3 in Short Blades
  2048 | D:4      | HP: 1/23 [poisoned by an orc wizard]
  2049 | D:4      | Succumbed to an orc wizard's poison

Vanquished Creatures
  5 adders
  2 worms
  A dart slug (D:3)
  A leopard gecko (D:1)
  7 orcs
  4 bats
  2 giant cockroaches
  6 goblins
  7 hobgoblins
  4 quokkas (D:3)
  4 frilled lizards
  4 kobolds
  6 rats
53 creatures vanquished.
